 Dungeon Crawl Stone Soup version 0.29.1-14-g9c671dbff4 (webtiles) character file.

Game seed: 138224407799664759

75 KittyFluff the Cudgeller (level 4, 0/43 HPs)
             Began as a Gargoyle Berserker on Feb 14, 2023.
             Was a Believer of Trog.
             Slain by a goblin
             ... wielding a +0 dagger
             ... led by Robin
              (3 damage)
             ... on level 2 of the Dungeon.
             The game lasted 00:05:04 (1761 turns).

KittyFluff the Cudgeller (Gargoyle Berserker)       Turns: 1761, Time: 00:05:05

Health: 0/43       AC:  8    Str: 21    XL:     4   Next: 31%
Magic:  4/4        EV: 11    Int:  7    God:    Trog [**....]
Gold:   72         SH:  0    Dex: 11    Spells: 3/3 levels left

rFire   . . .      SeeInvis .   a - +0 mace
rCold   . . .      Faith    .   (no shield)
rNeg    + . .      Spirit   .   g - +0 leather armour
rPois   ∞          Reflect  .   (no helmet)
rElec   +          Harm     .   n - +0 cloak
rCorr   .          Rampage  .   (no gloves)
Will    .....                   (no boots)
Stlth   ..........              (no amulet)
HPRegen 0.14/turn               (no ring)
MPRegen 0.09/turn               (no ring)

@: berserking, very quick
A: sickness immunity, AC +3, negative energy resistance 1, electricity
resistance, torment resistance 1, petrification resistance
a: Renounce Religion, Berserk, Trog's Hand


You were on level 2 of the Dungeon.
You worshipped Trog.
Trog was pleased with you.
You visited 1 branch of the dungeon, and saw 2 of its levels.

You collected 72 gold pieces.

Inventory:

Hand Weapons
 a - a +0 mace (weapon)
Missiles
 d - 9 stones (quivered)
 m - 5 atropa-tipped darts
Armour
 g - a +0 leather armour (worn)
 n - a +0 cloak (worn)
Scrolls
 b - a scroll of magic mapping {unknown}
 f - a scroll of blinking {unknown}
 h - a scroll of fear {unknown}
 l - 2 scrolls of identify {unknown}
Potions
 c - a potion of magic {unknown}
 e - 2 potions of curing {unknown}
 i - a potion of might {unknown}
 j - a potion of cancellation {unknown}
 k - a potion of ambrosia {unknown}


   Skills:
 + Level 3.7 Fighting
 + Level 4.1 Maces & Flails
 * Level 2.8 Armour
 + Level 2.0 Dodging


You had 3 spell levels left.
You didn't know any spells.
Your spell library was empty.

Dungeon Overview and Level Annotations

Branches:
Dungeon (2/15)

Altars:

Annotations:
D:2 Sigmund


Innate Abilities, Weirdness & Mutations

You are immune to sickness and miasma.
Your stone body is resilient. (AC +3)
You are immune to poison.
You resist negative energy. (rN+)
You are resistant to electric shocks. (rElec)
You are resistant to unholy torment.
You are immune to petrification.


Message History

You kill the goblin!
Trog accepts your kill. Robin throws the goblin at you!
The goblin hits you with a +0 dagger.
You hit the goblin.
The goblin is severely wounded.
Robin throws the goblin at you! The goblin hits you with a +0 dagger.
The goblin hits you but does no damage. The goblin hits you with a +0 dagger.
The goblin barely misses you.
You hit the goblin.
You kill the goblin!
Trog accepts your kill. The goblin closely misses you.
You sock Robin!
Robin is heavily wounded.
Robin hits you with a +5 club. The goblin hits you but does no damage.
You sock Robin!
Robin is almost dead.
Robin hits you with a +5 club. The goblin hits you but does no damage.
You hit Robin but do no damage.
Robin is almost dead.
Robin says, "My goblins will feast on your bones."
Robin hits you with a +5 club.
* * * LOW HITPOINT WARNING * * *
The goblin hits you but does no damage.
A red film seems to cover your vision as you go berserk!
You feel yourself moving faster!
You feel mighty! Robin hits you with a +5 club.
* * * LOW HITPOINT WARNING * * *
The goblin barely misses you.
You hit Robin.
You feel the power of Trog in you as your rage grows.
You kill Robin!
Trog accepts your kill. The goblin hits you but does no damage.
You barely miss the goblin. Your punch misses the goblin.
The goblin hits you with a +0 dagger.
* * * LOW HITPOINT WARNING * * *
The rat misses you.
You closely miss the goblin. The goblin hits you with a +0 dagger.
You die...

..> #....'..#.......#.#...
.g..# #....##.#.........#.##
...?{.#....##.##'########...
g...g.g.#####....# #+#
$..##.g...#####.........
##.r..)..##...).....
#...##gg...........
#...##r##.#########
#...##@##.# #...##)g......
#.(.#####....# #...# ##.. #
#... #


You could see 2 hobgoblins, a goblin (strong) and a rat.

Vanquished Creatures
  Robin (D:2)
  An adder (D:2)
  A worm (D:2)
  2 dart slugs
  5 bats
  An endoplasm (D:1)
  6 goblins
  7 hobgoblins
  7 jackals (D:1)
  3 kobolds
  8 ball pythons
  A frilled lizard (D:1)
  3 rats
46 creatures vanquished.

Notes
Turn   | Place    | Note
-------+----------+-------------------------------------------
     0 | D:1      | KittyFluff the Gargoyle Berserker began the quest for the
                  | Orb.
     0 | D:1      | Reached XP level 1. HP: 14/14 MP: 1/1
   116 | D:1      | Reached XP level 2. HP: 13/19 MP: 2/2
   833 | D:1      | Reached XP level 3. HP: 8/23 MP: 3/3
  1413 | D:2      | Found a faded altar of an unknown god.
  1550 | D:2      | Reached ** piety under Trog
  1693 | D:2      | Noticed Sigmund
  1706 | D:2      | Reached XP level 4. HP: 29/29 MP: 4/4
  1741 | D:2      | Identified the -1 helmet "Dapizue" {rC+}
  1741 | D:2      | Noticed Robin
  1752 | D:2      | Reached skill level 4 in Maces & Flails
  1759 | D:2      | Killed Robin
  1761 | D:2      | Slain by a goblin

Illustrated notes

Levels and vault maps discovered:
D:1:      nicolae_arrival_memento_mori, layout_basic
D:2:      layout_basic, nicolae_ecumenical_snake_handling, uniq_robin,
          uniq_jessica, uniq_sigmund

Skill      XL: |  1  2  3  4 |
---------------+-------------+-----
Dodging        | 2 |  2.0
Maces & Flails | 4 |  4.1
Fighting       | |  3.7
Armour         | |  2.8

Action                   |  1- 3 |  4- 6 || total
-------------------------+-------+-------++-------
Melee: Mace              |   117 |    20 ||   137
       Punch             |     4 |       ||     4
Invok: Berserk           |       |     1 ||     1
Armor: Animal skin       |    14 |       ||    14
       Leather armour    |    51 |    11 ||    62
Dodge: Dodged            |   107 |    13 ||   120
